 Dungeon Crawl Stone Soup version 0.26.1-11-gd32895ea62 (webtiles) character file.

Game seed: 14647388538653791473

7521 nothank2 the Carver (level 10, -1/86 HPs)
             Began as a Minotaur Fighter on June 22, 2021.
             Was an Elder of Makhleb.
             Killed from afar by an electric eel (6 damage)
             ... with a bolt of electricity
             ... on level 10 of the Dungeon.
             The game lasted 00:28:31 (9876 turns).

nothank2 the Carver (Minotaur Fighter)              Turns: 9876, Time: 00:28:31

Health: -1/86      AC: 17    Str: 23    XL:     10   Next: 95%
Magic:  12/12      EV:  5    Int:  5    God:    Makhleb [****..]
Gold:   548        SH: 18    Dex: 11    Spells: 9/9 levels left

rFire    . . .     SeeInvis .   a - +1 long sword
rCold    . . .     Faith    .   D - +0 tower shield
rNeg     . . .     Spirit   .   j - +0 plate armour
rPois    .         Reflect  .   (helmet restricted)
rElec    .         Harm     .   H - +0 cloak
rCorr    +         Rampage  .   y - +1 pair of gloves
Will     .....                  (no boots)
Stlth    ..........             r - amulet of regeneration
HPRegen  0.64/turn              M - ring of attention (curse)
MPRegen  0.13/turn              C - ring of resist corrosion

@: no status effects
A: retaliatory headbutt, horns 2
a: Renounce Religion, Minor Destruction, Lesser Servant of Makhleb, Major
Destruction


You were on level 10 of the Dungeon.
You worshipped Makhleb.
Makhleb was greatly pleased with you.
You visited 1 branch of the dungeon, and saw 10 of its levels.

You collected 787 gold pieces.
You spent 239 gold pieces at shops.

Inventory:

Hand Weapons
 a - a +1 long sword (weapon)
Missiles
 n - 66 poisoned darts (quivered)
Armour
 c - a +1 kite shield
 j - a +0 plate armour (worn)
 y - a +1 pair of gloves (worn)
 D - a +0 tower shield (worn)
 H - a +0 cloak (worn)
Jewellery
 r - an amulet of regeneration (around neck)
 u - an uncursed ring of flight
 C - a ring of resist corrosion (right hand)
 E - a +6 ring of intelligence
 M - a cursed ring of attention (left hand)
Wands
 s - a wand of flame (31)
 z - a wand of iceblast (4)
 F - a wand of random effects (37)
 I - a wand of paralysis (12)
 J - a wand of disintegration (12)
Scrolls
 f - a scroll of random uselessness
 m - 6 scrolls of teleportation
 o - a scroll of magic mapping
 q - 2 scrolls of identify
 t - 2 scrolls of enchant armour
 v - a scroll of fog
 A - 2 scrolls of enchant weapon
 B - 5 scrolls of fear
 K - a scroll of amnesia
Potions
 d - 4 potions of might
 e - 3 potions of cancellation
 g - a potion of resistance {unknown}
 h - 4 potions of curing
 i - a potion of berserk rage {unknown}
 k - 3 potions of brilliance
 l - a potion of mutation
 p - a potion of invisibility
 w - 2 potions of flight
 x - 3 potions of heal wounds
 G - a potion of lignification {unknown}
 L - 2 potions of haste


   Skills:
 - Level 7.1 Fighting
 - Level 12.2 Long Blades
 - Level 1.0 Throwing
 - Level 8.0 Armour
 - Level 2.6 Dodging
 + Level 11.8 Shields
 - Level 4.1 Invocations


You had 9 spell levels left.
You didn't know any spells.
Your spell library contained the following spells:

 Spells                   Type           Power        Failure   Level
 Magic Dart               Conj           0%           100%        1
 Sandblast                Erth           0%           100%        1
 Sting                    Tmut/Pois      0%           100%        1
 Blink                    Tloc           N/A          100%        2
 Call Imp                 Summ           0%           100%        2
 Passwall                 Tmut/Erth      0%           100%        2
 Poisonous Vapours        Pois/Air       0%           100%        2
 Slow                     Hex            0%           100%        2
 Conjure Flame            Conj/Fire      0%           100%        3
 Gell's Gravitas          Tloc           0%           100%        3
 Ignite Poison            Fire/Tmut/Pois 0%           100%        3
 Lesser Beckoning         Tloc           0%           100%        3
 Mephitic Cloud           Conj/Pois/Air  0%           100%        3
 Stone Arrow              Conj/Erth      0%           100%        3
 Teleport Other           Tloc           0%           100%        3
 Olgreb's Toxic Radiance  Pois           0%           100%        4
 Passage of Golubria      Tloc           N/A          100%        4
 Petrify                  Tmut/Erth      0%           100%        4
 Lee's Rapid Deconstruct  Erth           0%           100%        5


Dungeon Overview and Level Annotations

Branches:
Dungeon (10/15)            Temple (0/1) D:6
   Lair: D:8-11         Orc: D:9-12

Altars:
Ashenzari
Cheibriados
Dithmenos
Fedhas
Gozag
Hepliaklqana
Kikubaaqudgha
Makhleb
Qazlal
Ru
Sif Muna
Zin

Shops:
D:7 ?   D:8 (

Annotations:
D:4 1 runed translucent door, BlaiseRascal's ghost, amateur OpFi


Innate Abilities, Weirdness & Mutations

You reflexively headbutt those who attack you in melee.
You have a pair of horns on your head.


Message History

You slash the hound!
You kill the hound!
Makhleb accepts your kill.
You feel better.
The electric eel shoots out a bolt of lightning at you!
The bolt of electricity hits you!
* * * LOW HITPOINT WARNING * * *
The electric eel shoots out a bolt of lightning at you!
The bolt of electricity hits you.
* * * LOW HITPOINT WARNING * * *
The bolt of electricity hits you!
* * * LOW HITPOINT WARNING * * *
The electric eel shoots out a bolt of lightning at you!
The bolt of electricity hits you.
* * * LOW HITPOINT WARNING * * *
The electric eel shoots out a bolt of lightning at you!
The bolt of electricity hits you but does no damage.
The electric eel shoots out a bolt of lightning at you!
The bolt of electricity hits you.
You die...

..# #.........# ..#
#.......#.# ###
#.......#.#
#.......#†#
#########.## #†.#
##(## ##..###+##
#..@.....#
##........#
#.........##
#..........#########
#........(.........≈
#..........;.;.≈..≈≈
#....#.....≈.≈..≈≈≈≈
#######....$≈≈≈.≈≈≈≈
#.>...≈≈≈≈≈≈≈≈


You could see an electric eel.

Vanquished Creatures
  Maggie (D:7)
  A jumping spider (shapeshifter) (D:9)
  A troll (D:10)
  Grinder (D:3)
  Prince Ribbit (D:6)
  Sigmund (D:3)
  3 yaks (D:10)
  A steam dragon (D:9)
  2 water moccasins
  6 orc warriors
  3 ice beasts
  A black bear (D:5)
  4 sky beasts
  3 necrophages
  An eye of draining (D:9)
  2 phantoms
  3 ogres
  4 centaurs
  A big kobold (D:7)
  4 bullfrogs
  A gnoll sergeant (D:9)
  2 scorpions
  9 killer bees
  3 wights (D:7)
  An electric eel (D:10)
  3 howler monkeys (D:7)
  A quasit (D:10)
  A centaur zombie (D:5)
  A jelly (D:10)
  2 centaur skeletons
  7 hounds
  Crazy Yiuf (D:7)
  18 orc priests
  11 orc wizards
  Ijyb (D:5)
  2 bullfrog skeletons
  Jessica (D:2)
  9 worker ants
  A killer bee zombie (D:10)
  2 hound zombies (D:6)
  3 hound skeletons
  A howler monkey zombie (D:10)
  2 worker ant zombies
  5 gnolls (D:9)
  A howler monkey skeleton (D:4)
  9 adders
  A shadow imp (D:9)
  A white imp (D:9)
  An ufetubus (D:8)
  3 oozes
  An adder skeleton (D:7)
  A worm (D:3)
  4 dart slugs
  3 leopard geckos
  30 orcs
  3 giant cockroaches
  8 goblins
  11 hobgoblins
  A jackal (D:8)
  13 kobolds
  3 quokkas
  3 ball pythons
  5 bats
  4 frilled lizards
  A quokka skeleton (D:9)
  5 rats
244 creatures vanquished.

Vanquished Creatures (others)
  An orc (D:6)
1 creature vanquished.

Grand Total: 245 creatures vanquished

Notes
Turn   | Place    | Note
-------+----------+-------------------------------------------
     0 | D:1      | nothank2 the Minotaur Fighter began the quest for the Orb.
     0 | D:1      | Reached XP level 1. HP: 19/19 MP: 0/0
    71 | D:1      | Reached skill level 3 in Long Blades
   158 | D:1      | Reached XP level 2. HP: 26/26 MP: 1/1
   266 | D:1      | Reached skill level 4 in Long Blades
   609 | D:1      | Reached XP level 3. HP: 28/31 MP: 2/2
  1150 | D:2      | Noticed Jessica
  1154 | D:2      | Killed Jessica
  1155 | D:2      | Reached skill level 5 in Long Blades
  1155 | D:2      | Reached XP level 4. HP: 23/39 MP: 3/3
  1581 | D:2      | Reached skill level 6 in Long Blades
  1588 | D:2      | Reached XP level 5. HP: 30/45 MP: 4/4
  1925 | D:2      | Found a faded altar of an unknown god.
  2167 | D:3      | Reached skill level 7 in Long Blades
  2308 | D:3      | Reached XP level 6. HP: 45/51 MP: 5/5
  2421 | D:3      | Noticed Sigmund
  2425 | D:3      | Killed Sigmund
  2426 | D:3      | Reached skill level 8 in Long Blades
  2540 | D:3      | Found a broken altar of Ashenzari.
  2703 | D:3      | Noticed Grinder
  2711 | D:3      | Killed Grinder
  2712 | D:3      | Reached skill level 9 in Long Blades
  2712 | D:3      | Reached XP level 7. HP: 50/57 MP: 6/6
  2824 | D:3      | Found a burning altar of Makhleb.
  2824 | D:3      | Noticed a balrug
  3127 | D:3      | Noticed an orange demon
  3127 | D:3      | Noticed a smoke demon
  3129 | D:3      | Became a worshipper of Makhleb the Destroyer
  3909 | D:4      | Reached skill level 10 in Long Blades
  3909 | D:4      | Reached skill level 1 in Throwing
  4409 | D:4      | Found a runed translucent door.
  4409 | D:4      | Noticed BlaiseRascal's ghost (amateur OpFi)
  4428 | D:4      | Found an opulent altar of Gozag.
  4428 | D:4      | Found an ancient bone altar of Kikubaaqudgha.
  4532 | D:4      | Found a shimmering blue altar of Sif Muna.
  4770 | D:5      | Entered Level 5 of the Dungeon
  4790 | D:5      | Reached skill level 1 in Invocations
  4846 | D:5      | Noticed Ijyb
  4867 | D:5      | Killed Ijyb
  5026 | D:5      | Reached XP level 8. HP: 28/64 MP: 6/8
  5149 | D:5      | Reached skill level 11 in Long Blades
  5569 | D:5      | Reached * piety under Makhleb
  5990 | D:6      | Reached skill level 12 in Long Blades
  6013 | D:6      | Found a staircase to the Ecumenical Temple.
  6064 | D:6      | Found a stormy altar of Qazlal.
  6323 | D:6      | Found a snail-covered altar of Cheibriados.
  6340 | D:6      | Reached XP level 9. HP: 61/72 MP: 10/10
  6415 | D:6      | Reached skill level 5 in Armour
  6440 | D:6      | HP: 1/72 [orc warrior/+0 halberd (20)]
  6605 | D:6      | Reached skill level 5 in Fighting
  6711 | D:7      | Noticed Prince Ribbit
  6839 | D:6      | Killed Prince Ribbit
  6840 | D:6      | Reached skill level 5 in Shields
  6854 | D:7      | Reached skill level 1 in Dodging
  6909 | D:7      | Reached ** piety under Makhleb
  7012 | D:7      | Noticed Maggie
  7032 | D:7      | Killed Maggie
  7056 | D:7      | Found a sacrificial altar of Ru.
  7303 | D:7      | Found a blossoming altar of Fedhas.
  7396 | D:7      | Found a runed translucent door.
  7397 | D:7      | Noticed Crazy Yiuf
  7404 | D:7      | Killed Crazy Yiuf
  7562 | D:7      | Reached XP level 10. HP: 84/84 MP: 12/12
  7684 | D:7      | Found Ydonaet's Magic Scroll Boutique.
  7687 | D:7      | Bought a scroll of enchant armour for 97 gold pieces
  7687 | D:7      | Bought a scroll of enchant armour for 97 gold pieces
  7687 | D:7      | Bought a scroll of fear for 45 gold pieces
  8037 | D:8      | Reached *** piety under Makhleb
  8046 | D:8      | Found Ycibbiso's Antique Weapon Shoppe.
  8374 | D:8      | Found a hazy altar of Hepliaklqana.
  8526 | D:8      | You fall into a shaft and drop 2 floors!
  8526 | D:10     | Entered Level 10 of the Dungeon
  8748 | D:9      | Found a transporter.
  9191 | D:9      | Found a transporter.
  9199 | D:9      | Found a glowing silver altar of Zin.
  9214 | D:9      | Reached skill level 10 in Shields
  9301 | D:9      | Reached **** piety under Makhleb
  9304 | D:9      | Found a shadowy altar of Dithmenos.
  9874 | D:10     | HP: 3/86 [electric eel/bolt of electricity (5)]
  9876 | D:10     | Killed from afar by an electric eel

Illustrated notes

Levels and vault maps discovered:
D:1:      psy_arrival_basics, layout_basic, minmay_pentomino_r2
D:2:      layout_basic, chequers_ecumenical_altar_grove, uniq_jessica
D:3:      layout_loops_cross, nicolae_ashenzari_panopticon,
          makhleb_altar_promises_db, kennysheep_pointless_box,
          minmay_increasing_density, uniq_sigmund, uniq_grinder
D:4:      layout_basic, gammafunk_temple_overflow_statue,
          overflow_temple_1_default, gammafunk_ghost_grave,
          kennysheep_generic_room_4
D:5:      layout_loops_corners, grunt_ministairs_8, uniq_ijyb
D:6:      layout_rooms, cheibriados_altar_1, nicolae_qazlal_general_emergency,
          minmay_temple_entry_drinking_statues
D:7:      layout_basic, fedhas_altar_1, kennysheep_little_box, serial_shops,
          kennysheep_mini_moat, kennysheep_potato, uniq_maggie,
          uniq_prince_ribbit1, uniq_crazy_yiuf_cottage
D:8:      layout_loops_cross, nzn_hepliaklqana_mist_gate, serial_shops, shop,
          kennysheep_generic_room_7
D:9:      layout_rooms, gammafunk_temple_overflow_arena, basic_altar
D:10:     layout_basic, erik_lair_island, minmay_between

Skill      XL: |  1  2  3  4  5  6  7  8  9 10 |
---------------+-------------------------------+-----
Long Blades    | 3 4 5 6 7 9 10 12 | 12.2
Throwing       | 1 |  1.0
Invocations    | 1 3 4 |  4.1
Armour         | 4 7 8 |  8.0
Fighting       | 4 6 7 |  7.1
Shields        | 4 6 11 | 11.8
Dodging        | 2 |  2.6

Action                   |  1- 3 |  4- 6 |  7- 9 | 10-12 || total
-------------------------+-------+-------+-------+-------++-------
Melee: Long sword        |    59 |    86 |   338 |   373 ||   856
       Headbutt          |     8 |    15 |    77 |    73 ||   173
Throw: Boomerang         |       |     4 |       |       ||     4
       Dart              |       |       |    11 |    11 ||    22
  Use: Scroll            |       |       |    10 |     9 ||    19
       Potion            |       |       |     1 |       ||     1
Armor: Scale mail        |    24 |    25 |    73 |     2 ||   124
       Plate armour      |       |       |       |   169 ||   169
Dodge: Dodged            |    21 |    30 |    61 |    58 ||   170
Block: Kite shield       |    23 |    35 |   130 |    60 ||   248
       Tower shield      |       |       |       |   266 ||   266
       Rpst.: Long sword |     5 |     6 |    14 |    10 ||    35
